| TOP OF THE 1ST |
|
Dayton Dragons batting - Pitching for Hagerstown Suns : LHP Mike Montgomery
|
|
Pitching: LHP Mike Montgomery
|
|
|
Batting: LHB Keith Egan
|
0-0: SINGLE (Line Drive, 34D, EV 108.1 MPH)
|
|
Batting: RHB Randy Grewe
|
0-0: Swinging Strike 0-1: Called Strike Keith Egan steals 2nd base 0-2: Ball 1-2: Ball 2-2: Ball 3-2: Fly out, F7 (Flyball, 7D, EV 88.8 MPH) Runner from 2nd tags up, OUT at 3rd! 7-5
|
|
Batting: RHB Danny Real
|
0-0: Called Strike 0-1: Ball 1-1: Ball 2-1: Ball 3-1: Swinging Strike 3-2: Base on Balls
|
|
Batting: SHB Tim Utz
|
0-0: Ball 1-0: Called Strike 1-1: Ball 2-1: Ball 3-1: Base on Balls Danny Real to second
|
|
Batting: RHB Mark Williams
|
0-0: Ball 1-0: Ball 2-0: Ground out U3 (Groundball, 34S, EV 89.4 MPH)
|
| Top of the 1st over - 0 runs, 1 hit, 0 errors, 2 left on base; Dayton 0 - Hagerstown 0 |
| BOTTOM OF THE 1ST |
|
Hagerstown Suns batting - Pitching for Dayton Dragons : LHP Suk-jin Sok
|
|
Pitching: LHP Suk-jin Sok
|
|
|
Batting: SHB Dan Castaneda
|
0-0: Swinging Strike 0-1: Ball 1-1: Ball 2-1: SINGLE (Groundball, 25, EV 73.1 MPH) (infield hit)
|
|
Batting: RHB Naofumi Ishida
|
0-0: Ball 1-0: Called Strike Dan Castaneda steals 2nd base 1-1: Ball 2-1: Ball 3-1: Foul Ball, location: 2F 3-2: Fly out, F8 (Flyball, 8RXD, EV 103.1 MPH) Runner from 2nd tags up, SAFE at 3rd, no throw by CF
|
|
Batting: LHB Evan Oliveri
|
0-0: Ball 1-0: Foul Ball, location: 2F 1-1: Ball 2-1: Ball 3-1: Ground out 4-3 (Groundball, 4, EV 80.6 MPH) Dan Castaneda scores
|
|
Batting: RHB Slavik Nebrodov
|
0-0: Called Strike 0-1: Fly out, F6 (Popup, 6S, EV 71.9 MPH)
|
| Bottom of the 1st over - 1 run, 1 hit, 0 errors, 0 left on base; Dayton 0 - Hagerstown 1 |
| TOP OF THE 2ND |
|
Dayton Dragons batting - Pitching for Hagerstown Suns : LHP Mike Montgomery
|
|
Batting: RHB Frank Moron
|
0-0: Foul Ball, location: 2F 0-1: Ball 1-1: Foul Ball, location: 2F 1-2: Strikes out swinging
|
|
Batting: RHB Juan Zamora
|
0-0: Called Strike 0-1: Ball 1-1: Ball 2-1: Ball 3-1: Called Strike 3-2: Strikes out looking
|
|
Batting: RHB Kevin Larner
|
0-0: Called Strike 0-1: Ball 1-1: Ball 2-1: Ball 3-1: Foul Ball, location: 2F 3-2: Strikes out swinging
|
| Top of the 2nd over - 0 runs, 0 hits, 0 errors, 0 left on base; Dayton 0 - Hagerstown 1 |
| BOTTOM OF THE 2ND |
|
Hagerstown Suns batting - Pitching for Dayton Dragons : LHP Suk-jin Sok
|
|
Batting: RHB Jesus Malave
|
0-0: Ball 1-0: Foul Ball, location: 2F 1-1: Reached via error on a dropped throw from SS, E3 (Groundball, 6S, EV 81.9 MPH)
|
|
Batting: RHB Victor Cintron
|
0-0: Called Strike 0-1: Foul Ball, location: 2F 0-2: Strikes out swinging
|
|
Batting: RHB Joe Young
|
0-0: Ball 1-0: Grounds into double play, 6-4-3 (Groundball, 6, EV 83.8 MPH)
|
| Bottom of the 2nd over - 0 runs, 0 hits, 1 error, 0 left on base; Dayton 0 - Hagerstown 1 |
| TOP OF THE 3RD |
|
Dayton Dragons batting - Pitching for Hagerstown Suns : LHP Mike Montgomery
|
|
Batting: RHB Cyd Carver
|
0-0: Ground out 6-3 (Groundball, 6, EV 88.1 MPH)
|
|
Batting: LHB Keith Egan
|
0-0: SINGLE (Groundball, 34D, EV 95.6 MPH)
|
|
Batting: RHB Randy Grewe
|
0-0: Ball 1-0: Foul Ball, location: 2F 1-1: Called Strike 1-2: Ball 2-2: Foul Ball, location: 2F 2-2: Ball 3-2: Base on Balls Keith Egan to second
|
|
Batting: RHB Danny Real
|
0-0: Fielders Choice at 2nd, 6-4 (Groundball, 6, EV 90.6 MPH) Keith Egan to third
|
|
Batting: SHB Tim Utz
|
0-0: Swinging Strike 0-1: Ball 1-1: Ball 2-1: Swinging Strike 2-2: Strikes out looking
|
| Top of the 3rd over - 0 runs, 1 hit, 0 errors, 2 left on base; Dayton 0 - Hagerstown 1 |
| BOTTOM OF THE 3RD |
|
Hagerstown Suns batting - Pitching for Dayton Dragons : LHP Suk-jin Sok
|
|
Batting: RHB Travis Stanley
|
0-0: Swinging Strike 0-1: Swinging Strike 0-2: Ball 1-2: Ball 2-2: Ground out 6-3 (Groundball, 6, EV 93.1 MPH)
|
|
Batting: LHB Erik Beezley
|
0-0: Foul Ball, location: 2F 0-1: Ball 1-1: Ball 2-1: Swinging Strike 2-2: Foul Ball, location: 2F 2-2: SINGLE (Groundball, 6S, EV 68.8 MPH) (infield hit)
|
|
Batting: SHB Dan Castaneda
|
0-0: Ball 1-0: Swinging Strike 1-1: Swinging Strike 1-2: Foul Ball, location: 2F 1-2: Ball Erik Beezley is caught stealing 2nd base 2-4 2-2: Strikes out swinging
|
| Bottom of the 3rd over - 0 runs, 1 hit, 0 errors, 0 left on base; Dayton 0 - Hagerstown 1 |
| TOP OF THE 4TH |
|
Dayton Dragons batting - Pitching for Hagerstown Suns : LHP Mike Montgomery
|
|
Batting: RHB Mark Williams
|
0-0: Ball 1-0: Ground out 1-3 (Groundball, 15S, EV 69.4 MPH)
|
|
Batting: RHB Frank Moron
|
0-0: Ball 1-0: Called Strike 1-1: Ball 2-1: Called Strike 2-2: Foul Ball, location: 2F 2-2: Foul Ball, location: 2F 2-2: Fly out, F6 (Popup, 5DF, EV 57.5 MPH)
|
|
Batting: RHB Juan Zamora
|
0-0: Ball 1-0: Fly out, F8 (Flyball, 8LS, EV 88.1 MPH)
|
| Top of the 4th over - 0 runs, 0 hits, 0 errors, 0 left on base; Dayton 0 - Hagerstown 1 |
| BOTTOM OF THE 4TH |
|
Hagerstown Suns batting - Pitching for Dayton Dragons : LHP Suk-jin Sok
|
|
Batting: RHB Naofumi Ishida
|
0-0: Ball 1-0: Foul Ball, location: 2F 1-1: Called Strike 1-2: Ball 2-2: Strikes out swinging
|
|
Batting: LHB Evan Oliveri
|
0-0: Called Strike 0-1: Ball 1-1: Swinging Strike 1-2: DOUBLE (Flyball, 89D, EV 98.1 MPH)
|
|
Batting: RHB Slavik Nebrodov
|
0-0: Foul Ball, location: 2F 0-1: Swinging Strike 0-2: Fly out, F8 (Flyball, 8RXD, EV 105.0 MPH)
|
|
Batting: RHB Jesus Malave
|
0-0: Called Strike 0-1: Ball 1-1: DOUBLE (Line Drive, 78XD, EV 105.0 MPH) Evan Oliveri scores
|
|
Batting: RHB Victor Cintron
|
0-0: Called Strike 0-1: Ball 1-1: SINGLE (Groundball, 4D, EV 98.8 MPH) Jesus Malave to third Runner from 3rd tries for Home, throw by RF and OUT! 9-2
|
| Bottom of the 4th over - 1 run, 3 hits, 0 errors, 1 left on base; Dayton 0 - Hagerstown 2 |
| TOP OF THE 5TH |
|
Dayton Dragons batting - Pitching for Hagerstown Suns : LHP Mike Montgomery
|
|
Batting: RHB Kevin Larner
|
0-0: Fly out, F6 (Line Drive, 6, EV 68.8 MPH)
|
|
Batting: RHB Cyd Carver
|
0-0: Ball 1-0: Foul Ball, location: 2F 1-1: Foul Ball, location: 2F 1-2: DOUBLE (Line Drive, 9LS, EV 95.0 MPH)
|
|
Batting: LHB Keith Egan
|
0-0: Called Strike Cyd Carver steals 3rd base 0-1: Ball 1-1: Ball 2-1: Foul Ball, location: 2F 2-2: Foul Ball, location: 2F 2-2: Ground out 6-3 (Groundball, 56, EV 86.2 MPH) Cyd Carver scores
|
|
Batting: RHB Randy Grewe
|
0-0: Foul Ball, location: 2F 0-1: Foul Ball, location: 2F 0-2: Hit by Pitch
|
|
Batting: RHB Danny Real
|
0-0: Called Strike 0-1: Called Strike 0-2: Ball 1-2: Ball 2-2: Strikes out swinging
|
| Top of the 5th over - 1 run, 1 hit, 0 errors, 1 left on base; Dayton 1 - Hagerstown 2 |
| BOTTOM OF THE 5TH |
|
Hagerstown Suns batting - Pitching for Dayton Dragons : LHP Suk-jin Sok
|
|
Batting: RHB Joe Young
|
0-0: Called Strike 0-1: Swinging Strike 0-2: Ball 1-2: Ground out 6-3 (Groundball, 6S, EV 69.4 MPH)
|
|
Batting: RHB Travis Stanley
|
0-0: Ball 1-0: Ground out 6-3 (Groundball, 6S, EV 80.0 MPH)
|
|
Batting: LHB Erik Beezley
|
0-0: Ground out U3 (Groundball, 3S, EV 87.5 MPH)
|
| Bottom of the 5th over - 0 runs, 0 hits, 0 errors, 0 left on base; Dayton 1 - Hagerstown 2 |
| TOP OF THE 6TH |
|
Dayton Dragons batting - Pitching for Hagerstown Suns : LHP Mike Montgomery
|
|
Pitching: RHP Roy Walker
|
|
|
Batting: SHB Tim Utz
|
0-0: Ball 1-0: SINGLE (Groundball, 4MD, EV 99.4 MPH)
|
|
Batting: RHB Mark Williams
|
0-0: SINGLE (Line Drive, 8LS, EV 98.8 MPH) Tim Utz to second
|
|
Pinch Hitting: LHB Fernando Gomez
|
0-0: SINGLE (Groundball, 4D, EV 96.2 MPH) Tim Utz to third Mark Williams to second
|
|
Batting: RHB Juan Zamora
|
0-0: Ball 1-0: Foul Ball, location: 2F 1-1: Ball 2-1: Ball 3-1: Base on Balls Tim Utz scores Mark Williams to third Fernando Gomez to second
|
|
Batting: RHB Kevin Larner
|
0-0: Swinging Strike 0-1: Called Strike 0-2: Ball 1-2: Ball 2-2: Ball 3-2: Foul Ball, location: 2F 3-2: Strikes out looking
|
|
Batting: RHB Cyd Carver
|
0-0: Called Strike 0-1: Grounds into fielders choice 4-2 (Groundball, 13, EV 85.0 MPH) Fernando Gomez to third Juan Zamora to second
|
|
Batting: LHB Keith Egan
|
0-0: Called Strike 0-1: Ball 1-1: Foul Ball, location: 2F 1-2: Strikes out swinging
|
| Top of the 6th over - 1 run, 3 hits, 0 errors, 3 left on base; Dayton 2 - Hagerstown 2 |
| BOTTOM OF THE 6TH |
|
Hagerstown Suns batting - Pitching for Dayton Dragons : LHP Suk-jin Sok
|
|
Now at 3B: Fernando Gomez
|
|
|
Batting: SHB Dan Castaneda
|
0-0: Ball 1-0: Ground out 6-3 (Groundball, 6, EV 90.0 MPH)
|
|
Batting: RHB Naofumi Ishida
|
0-0: Ball 1-0: Ground out 4-3 (Groundball, 4, EV 98.8 MPH)
|
|
Batting: LHB Evan Oliveri
|
0-0: DOUBLE (Flyball, 5D, EV 92.5 MPH)
|
|
Batting: RHB Slavik Nebrodov
|
0-0: Ball 1-0: Called Strike 1-1: Hit by Pitch
|
|
Batting: RHB Jesus Malave
|
0-0: Foul Ball, location: 2F 0-1: Swinging Strike 0-2: Ball 1-2: Ball 2-2: Foul Ball, location: 2F 2-2: Foul Ball, location: 2F 2-2: Fly out, F4 (Popup, 4M, EV 69.4 MPH)
|
| Bottom of the 6th over - 0 runs, 1 hit, 0 errors, 2 left on base; Dayton 2 - Hagerstown 2 |
| TOP OF THE 7TH |
|
Dayton Dragons batting - Pitching for Hagerstown Suns : RHP Roy Walker
|
|
Pitching: RHP Gilberto Ricalde
|
|
|
Batting: RHB Randy Grewe
|
0-0: Ball 1-0: Called Strike 1-1: Called Strike 1-2: Fly out, F3 (Line Drive, 3L, EV 72.5 MPH)
|
|
Batting: RHB Danny Real
|
0-0: Ball 1-0: Foul Ball, location: 2F 1-1: Ball 2-1: Fly out, F8 (Flyball, 8RD, EV 90.6 MPH)
|
|
Batting: SHB Tim Utz
|
0-0: Foul Ball, location: 2F 0-1: Ball 1-1: Foul Ball, location: 2F 1-2: Ball 2-2: Fly out, F7 (Flyball, 7LS, EV 79.4 MPH)
|
| Top of the 7th over - 0 runs, 0 hits, 0 errors, 0 left on base; Dayton 2 - Hagerstown 2 |
| BOTTOM OF THE 7TH |
|
Hagerstown Suns batting - Pitching for Dayton Dragons : LHP Suk-jin Sok
|
|
Batting: RHB Victor Cintron
|
0-0: Ball 1-0: Called Strike 1-1: Called Strike 1-2: SINGLE (Groundball, 56D, EV 111.2 MPH)
|
|
Batting: RHB Joe Young
|
0-0: Bunted foul 0-1: Bunted foul 0-2: Ball 1-2: Ball 2-2: Foul Ball, location: 2F 2-2: Strikes out swinging
|
|
Batting: RHB Travis Stanley
|
0-0: Ball 1-0: Swinging Strike 1-1: Ball 2-1: Foul Ball, location: 2F 2-2: Strikes out swinging
|
|
Batting: LHB Erik Beezley
|
0-0: Called Strike 0-1: Ball 1-1: Foul Ball, location: 2F 1-2: SINGLE (Groundball, 4MD, EV 97.5 MPH) Victor Cintron to second
|
|
Pitching: RHP Victor Uriegas
|
|
|
Batting: SHB Dan Castaneda
|
0-0: Foul Ball, location: 2F 0-1: Swinging Strike 0-2: Ball 1-2: Foul Ball, location: 2F 1-2: Foul Ball, location: 2F 1-2: Strikes out swinging
|
| Bottom of the 7th over - 0 runs, 2 hits, 0 errors, 2 left on base; Dayton 2 - Hagerstown 2 |
| TOP OF THE 8TH |
|
Dayton Dragons batting - Pitching for Hagerstown Suns : RHP Gilberto Ricalde
|
|
Pitching: RHP Chris Bonham
|
|
|
Batting: RHB Mark Williams
|
0-0: Ball 1-0: Called Strike 1-1: Ground out 1-3 (Groundball, 15S, EV 71.2 MPH)
|
|
Batting: LHB Fernando Gomez
|
0-0: Called Strike 0-1: Foul Ball, location: 2F 0-2: SINGLE (Line Drive, 56, EV 95.6 MPH)
|
|
Batting: RHB Juan Zamora
|
0-0: Ball 1-0: Ball 2-0: Ball 3-0: Base on Balls Fernando Gomez to second
|
|
Batting: RHB Kevin Larner
|
0-0: Ball 1-0: Foul Ball, location: 2F 1-1: Ball 2-1: Ball 3-1: Called Strike 3-2: Base on Balls Fernando Gomez to third Juan Zamora to second
|
|
Batting: RHB Cyd Carver
|
0-0: Ball Wild Pitch! Fernando Gomez scores Juan Zamora to third Kevin Larner to second 1-0: Swinging Strike 1-1: Called Strike 1-2: Foul Ball, location: 2F 1-2: Ball 2-2: SINGLE (Line Drive, 6, EV 95.0 MPH) Juan Zamora scores Kevin Larner to third
|
|
Batting: LHB Keith Egan
|
0-0: Called Strike Cyd Carver steals 2nd base 0-1: Ball 1-1: Swinging Strike 1-2: Fly out, F9 (Line Drive, 89M, EV 96.9 MPH) Runner from 3rd tags up, SCORES, throw by RF
|
|
Pitching: RHP Gary Simmons
|
|
|
Batting: RHB Randy Grewe
|
0-0: Ball 1-0: Ball 2-0: Ball 3-0: Swinging Strike 3-1: Swinging Strike 3-2: Foul Ball, location: 2F 3-2: Strikes out swinging
|
| Top of the 8th over - 3 runs, 2 hits, 0 errors, 1 left on base; Dayton 5 - Hagerstown 2 |
| BOTTOM OF THE 8TH |
|
Hagerstown Suns batting - Pitching for Dayton Dragons : RHP Victor Uriegas
|
|
Now at 2B: Yasusaburo Kuwahara
|
|
|
Batting: RHB Naofumi Ishida
|
0-0: Ball 1-0: Foul Ball, location: 2F 1-1: Ball 2-1: Fly out, F8 (Flyball, 8RM, EV 91.2 MPH)
|
|
Batting: LHB Evan Oliveri
|
0-0: Called Strike 0-1: Called Strike 0-2: Foul Ball, location: 2F 0-2: Strikes out swinging
|
|
Batting: RHB Slavik Nebrodov
|
0-0: Ball 1-0: Ball 2-0: Swinging Strike 2-1: Foul Ball, location: 2F 2-2: Strikes out swinging
|
| Bottom of the 8th over - 0 runs, 0 hits, 0 errors, 0 left on base; Dayton 5 - Hagerstown 2 |
| TOP OF THE 9TH |
|
Dayton Dragons batting - Pitching for Hagerstown Suns : RHP Gary Simmons
|
|
Batting: RHB Danny Real
|
0-0: SINGLE (Groundball, 6M, EV 101.2 MPH) (infield hit)
|
|
Batting: SHB Tim Utz
|
0-0: Ball 1-0: Ball 2-0: Called Strike 2-1: Foul Ball, location: 2F 2-2: Foul Ball, location: 2F 2-2: Foul Ball, location: 2F 2-2: Strikes out swinging
|
|
Batting: RHB Mark Williams
|
0-0: Fielders Choice at 2nd, 6-4 (Groundball, 6, EV 101.9 MPH)
|
|
Batting: LHB Fernando Gomez
|
0-0: Swinging Strike 0-1: Ball 1-1: Ball 2-1: Fielders Choice at 2nd, 6-4 (Groundball, 6, EV 86.2 MPH)
|
| Top of the 9th over - 0 runs, 1 hit, 0 errors, 1 left on base; Dayton 5 - Hagerstown 2 |
| BOTTOM OF THE 9TH |
|
Hagerstown Suns batting - Pitching for Dayton Dragons : RHP Victor Uriegas
|
|
Pitching: RHP Giovonni Morgia
|
|
|
Batting: RHB Jesus Malave
|
0-0: Foul Ball, location: 2F 0-1: Called Strike 0-2: Ground out 6-3 (Groundball, 6, EV 107.5 MPH)
|
|
Batting: RHB Victor Cintron
|
0-0: Ball 1-0: Ground out 4-3 (Groundball, 4, EV 85.6 MPH)
|
|
Batting: RHB Joe Young
|
0-0: Foul Ball, location: 2F 0-1: Swinging Strike 0-2: Strikes out swinging
|
| Bottom of the 9th over - 0 runs, 0 hits, 0 errors, 0 left on base; Dayton 5 - Hagerstown 2 |
|